 Dungeon Crawl Stone Soup version 0.29.1 (webtiles) character file.

Game seed: 5926489854699276438

28070 wakxed the Thaumaturge (level 13, -14/91 HPs)
             Began as a Vampire Summoner on Sept 14, 2022.
             Was a Priest of Hepliaklqana.
             Killed from afar by Azrael (32 damage)
             ... with damnation
             ... on level 13 of the Dungeon on Sept 15, 2022.
             The game lasted 01:34:23 (15019 turns).

wakxed the Thaumaturge (Vampire Summoner)          Turns: 15019, Time: 01:34:24

Health: -14/91     AC: 16    Str:  7    XL:     13   Next: 7%
Magic:  26/30      EV: 12    Int: 25    God:    Hepliaklqana [***...]
Gold:   942        SH:  0    Dex: 17    Spells: 26/39 levels left

rFire   + + +      SeeInvis +   k - +1 quarterstaff of the Throat {vorpal, *Rage *Noise rC+++ rCorr}
rCold   + + +      Faith    .   (shield currently unavailable)
rNeg    . . .      Spirit   .   p - +0 steam dragon scales
rPois   .          Reflect  .   e - +3 helmet "Pafaemob" {Int+3}
rElec   .          Harm     .   (no cloak)
rCorr   +          Rampage  .   G - +1 pair of gloves of the Marlin {rF++ Dex+2}
Will    +....      Clarity  +   t - +0 pair of boots
Stlth   ++........              u - amulet of magic regeneration
HPRegen 0.45/turn               h - ring of protection from fire
MPRegen 0.62/turn               L - +4 ring of protection

@: healing quickly
A: reduced essence, alive, fangs 3, see invisible, vampiric 2, clarity, subdued
magic 1
a: Exsanguinate, Renounce Religion, Recall Ancestor, Ancestor Identity,
Transference


You were on level 13 of the Dungeon.
You worshipped Hepliaklqana.
Hepliaklqana was most pleased with you.
You visited 2 branches of the dungeon, and saw 14 of its levels.
You also visited: Ice Cave.

You collected 1032 gold pieces.
You spent 90 gold pieces at shops.

Inventory:

Hand Weapons
 f - a +2 whip of flaming
 k - the +1 quarterstaff of the Throat (weapon) {vorpal, *Rage *Noise rC+++ rCorr}
   (You found it on level 6 of the Dungeon)

   It inflicts extra damage upon your enemies.
   rC:        It renders you almost immune to cold.
   *Noise:    It may make noises in combat.
   *Rage:     It berserks you when you make melee attacks (+20% chance).
   rCorr:     It protects you from acid and corrosion.
 l - a +2 hand axe of electrocution
 R - a +6 morningstar of freezing
Missiles
 s - 5 datura-tipped darts
 v - 34 poisoned darts
Armour
 e - the +3 helmet "Pafaemob" (worn) {Int+3}
   (You found it on level 7 of the Dungeon)

   Int:       It affects your intelligence (+3).
 p - +0 steam dragon scales (worn)
 t - a +0 pair of boots (worn)
 G - the +1 pair of gloves of the Marlin (worn) {rF++ Dex+2}
   (You found it in an ice cave)

   Dex:       It affects your dexterity (+2).
   rF:        It greatly protects you from fire.
 I - a +0 troll leather armour
Jewellery
 h - a ring of protection from fire (left hand)
 u - an amulet of magic regeneration (around neck)
 L - a +4 ring of protection (right hand)
 N - a ring of willpower
 P - a +4 ring of slaying
 S - a ring of wizardry
Wands
 a - a wand of mindburst (23)
 n - a wand of digging (7)
 K - a wand of flame (2)
 V - a wand of charming (5)
Scrolls
 c - a scroll of immolation
 g - a scroll of teleportation
 i - 5 scrolls of fear
 m - a scroll of vulnerability
 y - a scroll of noise
 z - 3 scrolls of magic mapping {unknown}
 B - a scroll of butterflies {unknown}
 E - 3 scrolls of poison {unknown}
 M - a scroll of blinking
 Q - a scroll of brand weapon {unknown}
Potions
 b - 4 potions of magic
 d - 2 potions of cancellation
 j - 8 potions of curing
 o - 2 potions of berserk rage
 q - a potion of resistance
 r - 4 potions of ambrosia
 w - a potion of degeneration {unknown}
 x - 2 potions of brilliance
 A - a potion of might
 D - a potion of haste
 J - a potion of heal wounds
 O - 2 potions of lignification
 X - 2 potions of attraction


   Skills:
 + Level 9.7 Fighting
 + Level 3.9 Staves
 - Level 2.1 Dodging
 - Level 3.0 Stealth
 * Level 13.8 Spellcasting
 - Level 4.5 Hexes
 + Level 11.4 Summonings
 - Level 4.7 Air Magic


You had 26 spell levels left.
You knew the following spells:

 Your Spells              Type           Power      Damage    Failure   Level
a - Summon Small Mammal   Summ           100%       N/A       0%          1
b - Call Imp              Summ           55%        N/A       1%          2
c - Call Canine Familiar  Summ           55%        N/A       1%          3
d - Summon Guardian Gole  Hex/Summ       43%        N/A       1%          3
e - Summon Lightning Spi  Summ/Air       44%        N/A       1%          4

Your spell library contained the following spells:

 Spells                   Type           Power      Damage    Failure   Level
 Slow                     Hex            100%       N/A       1%          1
 Confusing Touch          Hex            30%        N/A       1%          3
 Freeze                   Ice            52%        1d7       2%          1
 Sandblast                Erth           26%        2d8       2%          1
 Passwall                 Tmut/Erth      10%        N/A       3%          2
 Sublimation of Blood     Necr           13%        N/A       3%          2
 Wereblood                Tmut           13%        N/A       3%          2
 Summon Forest            Summ/Tloc      17%        N/A       7%          5
 Frozen Ramparts          Ice            26%        1d4       8%          3
 Ozocubu's Armour         Ice            13%        N/A       8%          3
 Stone Arrow              Conj/Erth      26%        3d8       8%          3
 Vampiric Draining        Necr           13%        2d6       8%          3
 Corpse Rot               Necr/Pois/Air  19%        N/A       14%         4
 Summon Hydra             Summ           27%        N/A       22%         7
 Dispel Undead            Necr           13%        3d9       28%         4
 Hailstorm                Conj/Ice       13%        3d5       28%         4
 Olgreb's Toxic Radiance  Pois           13%        N/A       28%         4
 Metabolic Englaciation   Hex/Ice        10%        N/A       32%         5
 Death Channel            Necr           6%         N/A       99%         6
 Eringya's Noxious Bog    Tmut/Pois      6%         N/A       99%         6
 Simulacrum               Ice/Necr       6%         N/A       99%         6
 Ozocubu's Refrigeration  Ice            6%         4d8       100%        7
 Storm Form               Tmut/Air       11%        N/A       100%        7
 Ignition                 Fire           6%         3d4       100%        8
 Maxwell's Capacitive Co  Air            15%        ∞         100%        8


Dungeon Overview and Level Annotations

Branches:
Dungeon (13/15)            Temple (1/1) D:7            Lair (0/5) D:10
    Orc (0/2) D:10          IceCv (visited)
 Vaults: D:13-14

Altars:
Ashenzari
Cheibriados
Dithmenos
Fedhas
Gozag
Hepliaklqana
Kikubaaqudgha
Makhleb
Nemelex Xobeh
Okawaru
Qazlal
Ru
Sif Muna
Trog
Uskayaw
Vehumet
Wu Jian
Xom
Yredelemnul

Shops:
D:4 [   D:8 (:[[(   D:9 [   D:10 :[**=

Annotations:
D:13 Azrael


Innate Abilities, Weirdness & Mutations

Your life essence is reduced to manifest your ancestor. (-10% HP)
Your natural rate of healing is accelerated.
You have razor-sharp teeth.
You have supernaturally acute eyesight. (SInv)
You are afflicted with vampirism and can become a bat while bloodless.
You possess an exceptional clarity of mind.
Your spells are a little easier to cast, but a little less powerful.


Message History

Your warg bites Azrael but does no damage.
Your guardian golem is engulfed in blazing flames.
Flame seeps out of your guardian golem.
Your warg bites Azrael but does no damage.
Azrael gestures at you. The sticky flame hits your warg!
Your warg is covered in liquid flames!
Flame seeps out of your guardian golem.
Your guardian golem is engulfed in blazing flames.
Flame seeps out of your guardian golem.
Your crimson imp hits Azrael but does no damage.
Press: ? - help, v - describe, . - travel
Here: Azrael, wielding a +4 scimitar of flaming (ally target)
The floor.
Press: ? - help, v - describe, . - travel
Here: Azrael, wielding a +4 scimitar of flaming (ally target)
The floor.
Unknown command.
Unknown command.
What are your orders? t - Shout!
Orders for allies: a - Attack new target. r - Retreat! s - Stop attacking. g - Guard the area. f - Follow me.
Anything else - Cancel.
Guard this area!
Your warg burns!
Flame seeps out of your guardian golem.
Your warg bites Azrael.
Your guardian golem is engulfed in blazing flames.
Flame seeps out of your guardian golem.
Your warg burns!
Your guardian golem disappears in a puff of smoke!
Your guardian golem explodes!
The fiery explosion engulfs Azrael.
Azrael completely resists.
The fiery explosion engulfs your warg!!!
Your warg dies!
Your warg's corpse disappears in a puff of smoke!
Azrael gestures at you.
The sphere of damnation explodes!
The damnation engulfs you!!
You die...

. #....########.#
#R#
#.####.#..###...R..#
#.#
#.#...[##...#.######
#.# #......####)).#
###†##
#......##..)###
##.†..#
.#..[........#
#....##
.......####..##
#..#.# .......#
#...##### ####..#.#
#....R##
#.#...@.####....##.#
##...##
#........##.....##.#
##...##
######.#§#..#.####.#
......### #.R§§.##.#
#.. .####.>.#
###5§###.# #. .
###.## #.°..[#..#
#..### ##.#.....##
##...# #OR###.......
###.####5## ###).###


You could see Azrael.

Vanquished Creatures
  A hornet (D:7)
  Grinder (D:5)
  A shadow (D:12)
  A wyvern (D:7)
  2 steam dragons
  A phantom (D:4)
  4 bullfrogs
  5 wights
  A jelly (D:7)
  A lindwurm simulacrum (IceCv)
  3 orc priests
  An orc wizard (D:11)
  An acid dragon simulacrum (IceCv)
  2 adders
  2 gnolls (D:5)
  2 white imps
  A worm (D:5)
  A dart slug (D:3)
  3 orcs (D:7)
  4 ball pythons
  2 bats
  An endoplasm (D:1)
  A giant cockroach (D:4)
  4 goblins
  3 hobgoblins
  3 jackals
  5 kobolds
  A quokka (D:2)
  A frilled lizard (D:2)
  A rat (D:3)
60 creatures vanquished.

Vanquished Creatures (collateral kills)
  A white draconian (IceCv)
  A centaur warrior (D:13)
  2 two-headed ogres
  A hydra (D:12)
  A skeletal warrior (D:12)
  A deep elf pyromancer (D:12)
  A manticore (D:12)
  A cyclops (D:11)
  An ice statue (IceCv)
  Maggie (D:7)
  2 rime drakes (IceCv)
  2 unseen horrors
  2 trolls
  A hornet (D:10)
  3 slime creatures (D:12)
  Sigmund (D:2)
  A wraith (D:11)
  2 fire elementals (D:13)
  A wyvern (D:8)
  Eustachio (D:5)
  10 yaks
  5 vampire mosquitoes
  An acid dragon (D:12)
  2 hell hounds (D:13)
  2 sky beasts
  A black bear (D:5)
  An orc warrior (D:10)
  An ice beast (D:6)
  An ogre (D:6)
  6 centaurs
  2 kobold brigands
  3 bullfrogs
  4 scorpions
  2 wights
  4 killer bees (D:10)
  2 lindwurm simulacra (IceCv)
  7 howler monkeys
  3 komodo dragon simulacra (IceCv)
  8 orc priests
  2 hounds (D:5)
  4 jellies
  A gnoll bouda (D:5)
  3 iguanas
  16 orc wizards
  8 adders
  6 gnolls
  2 acid dragon simulacra (IceCv)
  9 white imps (D:13)
  6 steam dragon simulacra (IceCv)
  A worm (D:4)
  31 orcs
  4 bats
  6 endoplasms
  5 giant cockroaches
  3 hobgoblins
  2 jackals (D:3)
  10 kobolds
  A quokka (D:1)
  3 ball pythons
  2 frilled lizards
  4 goblins
  3 rats
224 creatures vanquished.

Vanquished Creatures (others)
  A hydra (D:13)
  A centaur warrior (D:13)
  2 two-headed ogres
  Urug (D:13)
  3 skeletal warriors (D:12)
  An ugly thing (D:13)
  An ice statue (IceCv)
  3 gargoyles (D:12)
  2 rime drakes (IceCv)
  A tengu conjurer (D:13)
  2 trolls
  A hornet (D:8)
  22 yaks
  3 vampire mosquitoes
  2 acid dragons
  2 orc warriors
  2 centaurs
  A kobold brigand (D:9)
  A bullfrog (D:10)
  A wight (D:8)
  A killer bee (D:10)
  An orc priest (D:9)
  A hound (D:5)
  4 ancestors
  5 hexers
  2 orc wizards
  A gnoll (D:7)
  An acid dragon simulacrum (IceCv)
  2 white imps (D:13)
  5 steam dragon simulacra (IceCv)
  4 orcs
  4 kobolds (D:9)
  34 fungi
  13 plants (D:10)
131 creatures vanquished.

Grand Total: 415 creatures vanquished

Notes
Turn   | Place    | Note
-------+----------+-------------------------------------------
     0 | D:1      | wakxed the Vampire Summoner began the quest for the Orb.
     0 | D:1      | Reached XP level 1. HP: 13/13 MP: 3/3
   185 | D:1      | Reached XP level 2. HP: 18/20 MP: 3/5
   188 | D:1      | Learned a level 2 spell: Call Imp
   947 | D:2      | Noticed Sigmund
   977 | D:2      | Reached skill level 1 in Fighting
  1112 | D:2      | Gained mutation: You are afflicted with vampirism and can
                  | become a bat while bloodless. [Vampire growth]
  1112 | D:2      | Reached XP level 3. HP: 26/26 MP: 1/7
  1174 | D:2      | Learned a level 3 spell: Call Canine Familiar
  1222 | D:2      | Killed Sigmund
  1223 | D:2      | Reached skill level 3 in Spellcasting
  1223 | D:2      | Reached XP level 4. HP: 33/33 MP: 4/9
  1223 | D:2      | Reached XP level 5. HP: 38/38 MP: 4/10
  1344 | D:2      | Reached skill level 4 in Spellcasting
  1884 | D:3      | Learned a level 3 spell: Summon Guardian Golem
  2371 | D:3      | Reached skill level 5 in Summonings
  2390 | D:3      | Reached skill level 1 in Hexes
  2390 | D:3      | Reached XP level 6. HP: 23/46 MP: 5/12
  2638 | D:3      | Found a sacrificial altar of Ru.
  3568 | D:4      | Found Fiqigof's Antique Armour Boutique.
  3913 | D:4      | Bought a pair of boots for 90 gold pieces
  4009 | D:4      | Reached skill level 5 in Spellcasting
  4009 | D:4      | Reached XP level 7. HP: 51/51 MP: 11/14
  4462 | D:5      | Entered Level 5 of the Dungeon
  4462 | D:5      | Noticed Grinder
  4496 | D:5      | Killed Grinder
  4666 | D:5      | Found a bloodstained altar of Trog.
  4893 | D:5      | Reached XP level 8. HP: 60/60 MP: 8/16
  4948 | D:5      | Reached skill level 6 in Spellcasting
  5178 | D:5      | Learned a level 4 spell: Summon Lightning Spire
  5187 | D:5      | Noticed Eustachio
  5754 | D:5      | Killed Eustachio
  5755 | D:5      | Reached skill level 1 in Air Magic
  6694 | D:6      | Reached skill level 7 in Spellcasting
  6876 | D:6      | Reached XP level 9. HP: 66/66 MP: 15/19
  6969 | D:6      | Found an ornate altar of the Wu Jian Council.
  7077 | D:6      | Identified the +1 quarterstaff of the Throat {vorpal, *Rage
                  | *Noise rC+++ rCorr}
  7120 | D:7      | Found a staircase to the Ecumenical Temple.
  7160 | D:7      | Reached skill level 5 in Fighting
  7162 | D:7      | Paralysed by a hornet for 2 turns
  7165 | D:7      | Paralysed by a hornet for 2 turns
  7401 | D:7      | Identified the +3 helmet "Pafaemob" {Int+3}
  7422 | D:7      | Gained mutation: Your mind is acute. (Int +4, Str/Dex -1)
                  | [potion of mutation]
  7423 | D:7      | Lost mutation: Your mind is acute. (Int +4, Str/Dex -1)
                  | [potion of mutation]
  7423 | D:7      | Gained mutation: You are somewhat resistant to further
                  | mutation. [potion of mutation]
  7521 | D:7      | Reached skill level 8 in Spellcasting
  7579 | Temple   | Entered the Ecumenical Temple
  7696 | Temple   | Became a worshipper of Hepliaklqana the Forgotten
  8111 | D:7      | Found a hide-covered altar of Uskayaw.
  8113 | D:7      | Noticed Maggie
  8138 | D:7      | Killed Maggie
  8630 | D:8      | Found Luj Taeh's Armour Emporium.
  8825 | D:8      | Reached XP level 10. HP: 76/76 MP: 14/22
  8843 | D:8      | Found Sergha Zoyj's Antique Armour Shoppe.
  8862 | D:8      | Found Tughic's Weapon Emporium.
  8949 | D:8      | Reached skill level 9 in Spellcasting
  9152 | D:8      | Lost mutation: You are somewhat resistant to further
                  | mutation. [potion of mutation]
  9152 | D:8      | Gained mutation: You possess an exceptional clarity of
                  | mind. [potion of mutation]
  9152 | D:8      | Gained mutation: Your spells are a little easier to cast,
                  | but a little less powerful. [potion of mutation]
  9208 | D:8      | Found an ancient bone altar of Kikubaaqudgha.
  9367 | D:8      | Noticed a two-headed ogre
  9380 | D:8      | Killed a two-headed ogre
  9497 | D:8      | Found Haiqiona's Antique Weapon Shop.
  9501 | D:8      | Found Urphucas's Book Shop.
  9841 | D:9      | Reached skill level 10 in Spellcasting
  9875 | D:9      | Found Haqos's Armour Shoppe.
  9903 | D:9      | Noticed a two-headed ogre
  9919 | D:9      | Killed a two-headed ogre
 10013 | D:9      | Reached XP level 11. HP: 56/84 MP: 22/25
 10226 | D:9      | Found a sparkling altar of Nemelex Xobeh.
 10305 | D:9      | Reached * piety under Hepliaklqana
 10330 | D:9      | Found a broken altar of Ashenzari.
 10427 | D:9      | Found a sparkling altar of Nemelex Xobeh.
 10749 | D:10     | Entered Level 10 of the Dungeon
 10763 | D:10     | Found Zauridoabe's Assorted Antiques.
 10855 | D:10     | Found Ettuituz's General Store.
 10888 | D:10     | Reached skill level 11 in Spellcasting
 10925 | D:10     | Found Huas's Antique Armour Shop.
 11026 | D:10     | Found Beit's Jewellery Shoppe.
 11054 | D:10     | Found a staircase to the Orcish Mines.
 11656 | D:10     | Found a staircase to the Lair.
 11722 | D:10     | Found Zaownis's Book Shoppe.
 12004 | D:11     | Reached skill level 10 in Summonings
 12026 | D:11     | Reached skill level 12 in Spellcasting
 12029 | D:11     | Reached ** piety under Hepliaklqana
 12030 | D:11     | Remembered your ancestor Xolani as a hexer
 12266 | D:11     | Noticed a two-headed ogre
 12275 | D:11     | Killed a two-headed ogre
 12390 | D:11     | Noticed a two-headed ogre
 12397 | D:11     | Killed a two-headed ogre
 12797 | D:12     | Noticed a skeletal warrior
 12797 | D:12     | Noticed a skeletal warrior
 12805 | D:12     | Killed a skeletal warrior
 12806 | D:12     | Reached XP level 12. HP: 84/84 MP: 16/28
 12816 | D:12     | Reached skill level 1 in Staves
 13442 | D:12     | Noticed a six-headed hydra
 13452 | D:12     | Killed a six-headed hydra
 13453 | D:12     | Reached skill level 13 in Spellcasting
 13850 | D:13     | Found a frozen archway.
 13854 | D:13     | Noticed Urug
 13870 | D:13     | Killed Urug
 13876 | D:13     | Noticed a five-headed hydra
 13890 | D:13     | Killed a five-headed hydra
 13894 | D:13     | Noticed a centaur warrior
 13905 | D:13     | Killed a centaur warrior
 13987 | IceCv    | Entered an ice cave
 14072 | IceCv    | Reached *** piety under Hepliaklqana
 14538 | IceCv    | Noticed a white draconian
 14551 | IceCv    | Killed a white draconian
 14637 | IceCv    | Identified the +1 pair of gloves of the Marlin {rF++ Dex+2}
 14814 | D:13     | Reached XP level 13. HP: 91/91 MP: 24/30
 14942 | D:13     | Noticed Azrael
 15019 | D:13     | Killed from afar by Azrael

Illustrated notes

Levels and vault maps discovered:
D:1:      scummos_arrival_simple_crosswalls, layout_basic, minivault_14
D:2:      wad_crossroads, layout_rooms, minmay_liquid_box, uniq_sigmund
D:3:      layout_basic, nicolae_ru_awakened_eye
D:4:      layout_basic, serial_shops, shop_statue, cheibrodos_sewer_entry_drain,
          grunt_ministairs_9
D:5:      layout_loops_ring, lemuel_doored_altar, trog_three_pillars_becter,
          mainiacjoe_overflow_surrounded_room, uniq_grinder, uniq_eustachio
D:6:      layout_basic, nicolae_wu_jian_glorious_leap, minmay_misc_feat_columns,
          minmay_holes
D:7:      layout_rooms, mainiacjoe_overflow_cross_hatched,
          minmay_temple_entry_statues_fountains, uniq_maggie
D:8:      layout_loops_ring, mainiacjoe_overflow_alcove_1, serial_shops, shop,
          nicolae_shop_bloodbath_and_beyond, shop, shop, shop, nicolae_titane
D:9:      layout_basic, mainiacjoe_overflow_six_doors_small,
          nemelex_diamond_rough_becter, serial_shops,
          nicolae_shop_temple_entry_statues_fountains, kennysheep_small_circle
D:10:     layout_basic, grunt_lair_entry_orc_guard_hut,
          minmay_orc_entry_temple_small, serial_shops, shop, shop_fountains,
          shop_statue, nicolae_shop_waterfront, nicolae_shop_stone,
          kennysheep_diamond
D:11:     layout_irregular_city, minmay_misc_feat_ornament
D:12:     layout_basic
D:13:     layout_rooms, lightli_vaults_fourway_checkpoint,
          portal_ice_cave_entry_imps, uniq_azrael, uniq_urug
Temple:   cyrus_circular_temple

Skill      XL: |  1  2  3  4  5  6  7  8  9 10 11 12 |
---------------+-------------------------------------+-----
Fighting       | 1 2 3 4 5 7 8 9 |  9.7
Spellcasting   | 3 4 5 7 8 10 12 13 | 13.8
Summonings     | 5 6 7 9 10 11 | 11.4
Hexes          | 1 2 4 |  4.5
Air Magic      | 2 4 |  4.7
Staves         | 3 |  3.9
Dodging        | |  2.1
Stealth        | |  3.0

Action                   |  1- 3 |  4- 6 |  7- 9 | 10-12 | 13-15 || total
-------------------------+-------+-------+-------+-------+-------++-------
Melee: Short sword       |    22 |    25 |       |       |       ||    47
       Dagger            |     2 |    39 |    73 |       |       ||   114
       Bite              |     3 |     9 |    20 |    24 |       ||    56
       Quarterstaff      |       |       |    44 |   101 |       ||   145
Throw: Throwing net      |       |       |       |     1 |       ||     1
 Cast: Summon Small Mamm |    38 |    63 |   112 |   100 |     2 ||   315
       Call Imp          |     3 |     5 |    36 |    36 |     2 ||    82
       Call Canine Famil |     1 |    18 |    56 |    62 |     7 ||   144
       Summon Guardian G |       |       |    19 |    94 |     9 ||   122
       Summon Lightning  |       |       |       |    27 |     4 ||    31
Invok: Ancestor Life: He |       |       |       |     1 |       ||     1
       Recall Ancestor   |       |       |       |     3 |       ||     3
  Use: Scroll            |     1 |     4 |    14 |     6 |       ||    25
       Potion            |       |       |     6 |     1 |       ||     7
 Stab: Sleeping          |       |     1 |     2 |       |       ||     3
       Distracted        |       |       |     3 |     5 |       ||     8
Armor: Robe              |     6 |     6 |    52 |       |       ||    64
       Steam dragon scal |       |       |     2 |    74 |       ||    76
Dodge: Dodged            |    25 |    30 |   108 |    82 |     4 ||   249
